 Dungeon Crawl Stone Soup version 0.28-a0-1387-g3a22ab9bdc (webtiles) character file.

Game seed: 17896653032257008751

134 gimp the Vexing (level 5, -2/61 HPs)
             Began as a Formicid Wanderer on Jan 3, 2022.
             Succumbed to a scorpion's poison
             ... on level 4 of the Dungeon.
             The game lasted 00:06:51 (3928 turns).

gimp the Vexing (Formicid Wanderer)                 Turns: 3928, Time: 00:06:52

Health: -2/61      AC: 22    Str: 17    XL:     5   Next: 40%
Magic:  8/8        EV:  2    Int: 12    God:
Gold:   174        SH:  4    Dex: 11    Spells: 7/8 levels left

rFire   + . .      SeeInvis .   a - +0 hand axe
rCold   + . .      Faith    .   c - +0 buckler
rNeg    . . .      Spirit   .   (armour currently unavailable)
rPois   +          Reflect  .   (helmet unavailable)
rElec   +          Harm     .   (cloak currently unavailable)
rCorr   +          Rampage  .   (gloves currently unavailable)
Will    .....                   (boots currently unavailable)
Stlth   +.........              (no amulet)
HPRegen 0.20/turn               (no ring)
MPRegen 0.11/turn               (no ring)

@: lethally poisoned (-2 -> -10), tree-form, resistant
A: stationary, stasis, torment immunity, boosted hp, permanent stasis, dig
shafts and tunnels, (antennae 3), four strong arms
a: no special abilities


You were on level 4 of the Dungeon.
You were a tree.
You visited 1 branch of the dungeon, and saw 4 of its levels.

You collected 174 gold pieces.

Inventory:

Hand Weapons
 a - a +0 hand axe (weapon)
 b - a +0 vorpal hand crossbow
Missiles
 g - 8 bolts
 p - 3 poisoned darts (quivered)
Armour
 c - a +0 buckler (worn)
 d - a +0 leather armour (melded)
 n - a +0 cloak (melded)
Jewellery
 q - a ring of protection from cold
Scrolls
 e - a scroll of blinking {unknown}
 f - a scroll of magic mapping {unknown}
 h - 4 scrolls of identify {unknown}
 i - 2 scrolls of fog {unknown}
 j - 4 scrolls of teleportation {unknown}
 l - 2 scrolls of enchant armour {unknown}
 m - a scroll of noise {unknown}


   Skills:
 - Level 3.1 Fighting
 * Level 2.2 Axes
 - Level 2.0 Crossbows
 - Level 1.0 Throwing
 + Level 3.6 Shields
 - Level 2.1 Spellcasting
 - Level 3.6 Hexes


You had 7 spell levels left.
You knew the following spells:

 Your Spells              Type           Power      Damage    Failure   Level
a - Slow                  Hex            40%        N/A       6%          1

Your spell library contained the following spells:

 Spells                   Type           Power      Damage    Failure   Level
 Inner Flame              Hex/Fire       5%         N/A       36%         3
 Lesser Beckoning         Tloc           1%         N/A       63%         3
 Manifold Assault         Tloc           1%         N/A       100%        5
 Blink                    Tloc           Unusable   N/A       N/A         2

Dungeon Overview and Level Annotations

Branches:
Dungeon (4/15)
 Temple: D:4-7

Altars:

Annotations:
D:3 3 runed translucent doors, skittles's ghost, amateur DjCj; willcat's ghost, amateur GnFi


Innate Abilities, Weirdness & Mutations

You are a tree.
Your roots penetrate the ground, keeping you stationary.
You cannot be teleported.
You are immune to unholy pain and torment.
Your maximum health is greatly increased.
Your equipment is partially melded.
You cannot be hasted, slowed, berserked, paralysed or teleported.
You can dig through walls and to a lower floor.
((You have a pair of large antennae on your head. (SInv)))
Your four strong arms can wield two-handed weapons with a shield.


Message History

You feel less confused.
You feel sick. The scorpion closely misses you.
You regained 2 hp, and now have 8/41 hp.
It was a potion of resistance.
You feel protected.
You feel sick. You block the scorpion's attack.
You take 1 damage, and have 7/41 hp.
It was a potion of lignification.
You turn into a tree.
Your +0 cloak melds into your body.
Your +0 leather armour melds into your body.
Your roots penetrate the ground.
You feel sick. You block the scorpion's attack.
You now have 10/61 hp.
You closely miss the scorpion.
The scorpion is almost dead.
You feel sick.
The scorpion stings you but does no damage. x2
You take 1 damage, and have 9/61 hp.
You hit the scorpion but do no damage.
The scorpion is almost dead.
You feel sick. The scorpion stings you.
* * * LOW HITPOINT WARNING * * *
You take 6 damage, and have 3/61 hp.
You completely miss the scorpion.
The scorpion is almost dead.
You feel sick.
You are no longer poisoned.
The scorpion stings you.
* * * LOW HITPOINT WARNING * * *
You take 2 damage, and have 1/61 hp.
You closely miss the scorpion.
The scorpion is almost dead.
The scorpion stings you.
* * * LOW HITPOINT WARNING * * *
You are lethally poisoned!
The scorpion poisons you!
The scorpion stings you but does no damage.
You closely miss the scorpion.
The scorpion is almost dead.
You die...

.# . .# # ##.
#.# #. #.. ...
.# #..###.# #.#
.# ....#[# #.#
.# ## #...# #!#
.# #. #.###.# .#
#.
##.s♣.###.######
..
##.............
#. #........####
#. #.######..#
#. #.. #..# #<
... #..# #. #.##
#..##########.
#.
#.............
#.######8...8.


You could see a scorpion.

Vanquished Creatures
  A water moccasin skeleton (D:2)
  2 worms (D:3)
  3 dart slugs
  9 ball pythons
  7 bats
  8 endoplasms
  4 goblins
  8 hobgoblins
  3 jackals (D:2)
  9 kobolds
  4 quokkas
  4 frilled lizards
  5 rats
67 creatures vanquished.

Vanquished Creatures (others)
  A fungus (D:2)
  4 plants (D:2)
5 creatures vanquished.

Grand Total: 72 creatures vanquished

Notes
Turn   | Place    | Note
-------+----------+-------------------------------------------
     0 | D:1      | gimp the Formicid Wanderer began the quest for the Orb.
     0 | D:1      | gimp set off with the following items: a +0 vorpal hand
                  | crossbow, 18 bolts, a +0 buckler, a +0 leather armour; and
                  | the following spell memorised: Slow; and the following
                  | spells available to memorise: Inner Flame
     0 | D:1      | Reached XP level 1. HP: 15/15 MP: 3/3
   129 | D:1      | Reached XP level 2. HP: 22/22 MP: 5/5
   336 | D:1      | Reached XP level 3. HP: 27/27 MP: 6/6
  1468 | D:2      | Reached skill level 1 in Axes
  1468 | D:2      | Reached XP level 4. HP: 34/34 MP: 7/7
  1519 | D:2      | Reached XP level 5. HP: 22/41 MP: 8/8
  1701 | D:2      | Found a faded altar of an unknown god.
  2569 | D:3      | Found a runed translucent gate.
  2569 | D:3      | Found a runed translucent gate.
  2570 | D:3      | Found a runed translucent gate.
  2572 | D:3      | Noticed willcat's ghost (amateur GnFi)
  2572 | D:3      | Noticed skittles's ghost (amateur DjCj)
  3118 | D:4      | Noticed a phantom
  3916 | D:4      | HP: 1/41 [poisoned by a scorpion]
  3925 | D:4      | HP: 3/61 [scorpion (5)]
  3926 | D:4      | HP: 1/61 [scorpion (1)]
  3928 | D:4      | Succumbed to a scorpion's poison

Illustrated notes

Levels and vault maps discovered:
D:1:      dpeg_arrival_central, layout_basic, minmay_pentomino_p2
D:2:      layout_basic, dreamdust_ecumenical_altar_grove
D:3:      layout_loops_ring, gammafunk_ghost_cemetery
D:4:      cheibrodos_barr_body, layout_loops_ring, serial_shops, shop,
          nicolae_shop_statue_plus, shop, grunt_decor_cap, grunt_ministairs_1,
          hangedman_abyss_or_decor_lesser_grid, minmay_misc_feat_diagonals

Skill      XL: |  1  2  3  4  5 |
---------------+----------------+-----
Fighting       | 2 3 |  3.1
Shields        | 2 3 |  3.6
Axes           | 1 2 |  2.2
Crossbows      | |  2.0
Throwing       | |  1.0
Spellcasting   | |  2.1
Hexes          | |  3.6

Action                   |  1- 3 |  4- 6 || total
-------------------------+-------+-------++-------
Melee: Hand axe          |       |   137 ||   137
 Fire: Hand crossbow     |    82 |    13 ||    95
  Use: Potion            |       |     3 ||     3
Armor: Leather armour    |    12 |    26 ||    38
       Skin              |       |     3 ||     3
Dodge: Dodged            |    17 |    73 ||    90
Block: Buckler           |     4 |    25 ||    29

Table legend: (Time is in decaauts)
 A = Elapsed time spent in this place.
 B = Non-inter-level travel time spent in this place.
 C = Inter-level travel time spent in this place.
 D = Time resting spent in this place.
 E = Time spent auto-exploring this place.
 F = Levels seen in this place.
 G = Mean time per level.
                   A        B        C        D        E       F      G
               +--------+--------+--------+--------+--------+-----+--------+
         Total |   3993 |   3901 |     92 |    233 |   2882 |   4 |  998.2 |
       Dungeon |   3993 |   3901 |     92 |    233 |   2882 |   4 |  998.2 |
               +--------+--------+--------+--------+--------+-----+--------+

Top non-repeatable levels by time:
     D:2: 1452 daAuts
     D:3: 1355 daAuts
     D:1: 1021 daAuts
     D:4: 163 daAuts
